 Dungeon Crawl Stone Soup version 0.27.1-3-gb3d3a73c9e (webtiles) character file.

Game seed: 16719900613257365064

15491 Urokeeper the Unseen (level 12, -6/79 HPs)
             Began as a Kobold Brigand on Oct 29, 2021.
             Was a Believer of Wu Jian.
             Mangled by an eight-headed hydra (10 damage)
             ... on level 9 of the Dungeon.
             The game lasted 00:54:39 (14780 turns).

Urokeeper the Unseen (Kobold Brigand)              Turns: 14780, Time: 00:54:39

Health: -6/79      AC: 12    Str:  8    XL:     12   Next: 58%
Magic:  12/12      EV: 21    Int: 12    God:    Wu Jian [**....]
Gold:   444        SH:  5    Dex: 22    Spells: 11/11 levels left

rFire    . . .     SeeInvis +   I - +0 scimitar (flame)
rCold    . . .     Faith    .   N - +0 buckler
rNeg     + . .     Spirit   .   r - +0 acid dragon scales
rPois    .         Reflect  .   Q - +0 helmet {SInv}
rElec    .         Harm     .   c - +0 cloak
rCorr    +         Rampage  .   q - +0 pair of gloves
Will     +....                  H - +0 pair of boots
Stlth    +++++++...             (no amulet)
HPRegen  0.23/turn              e - ring "Mohemag" {rN+ Will+ EV+4 Slay+2}
MPRegen  0.13/turn              F - +4 ring of slaying

@: no status effects
A: small, no large weapons, nightstalker 3, robust 1
a: Renounce Religion, Wall Jump


You were on level 9 of the Dungeon.
You worshipped Wu Jian.
Wu Jian was pleased with you.
You visited 3 branches of the dungeon, and saw 14 of its levels.

You collected 574 gold pieces.
You spent 130 gold pieces at shops.

Inventory:

Hand Weapons
 y - the +9 hunting sling of Risk Management {flame, Will+}
   (You found it on level 5 of the Dungeon)

   Any ammunition fired from it burns those it strikes, dealing additional fire
   damage.
   Will:      It increases your willpower.
 C - a +1 rapier of holy wrath
 E - a +1 dagger of protection
 I - a +0 scimitar of flaming (weapon)
 M - a +0 triple crossbow
Missiles
 d - 77 poisoned darts
 A - 114 sling bullets
 D - 3 throwing nets
 K - 75 bolts
Armour
 b - a +0 robe
 c - a +0 cloak (worn)
 g - a +1 leather armour of fire resistance
 q - a +0 pair of gloves (worn)
 r - +0 acid dragon scales (worn)
 H - a +0 pair of boots (worn)
 N - a +0 buckler (worn)
 Q - a +0 helmet of see invisible (worn)
 S - a +0 troll leather armour
Jewellery
 e - the ring "Mohemag" (left hand) {rN+ Will+ EV+4 Slay+2}
   (You acquired it on level 8 of the Dungeon)

   [ring of evasion]

   EV:        It affects your evasion (+4).
   Slay:      It affects your accuracy & damage with ranged weapons and melee
   (+2).
   rN:        It protects you from negative energy.
   Will:      It increases your willpower.
 j - a ring of ice
 k - a +6 ring of intelligence
 t - a ring of poison resistance
 B - a +4 ring of protection
 F - a +4 ring of slaying (right hand)
 J - a ring of willpower
 P - an amulet of magic regeneration
Wands
 o - a wand of flame (14)
 z - a wand of digging (8)
 R - a wand of iceblast (9) (quivered)
Scrolls
 f - 4 scrolls of teleportation
 l - a scroll of fog
 p - a scroll of identify
 s - 2 scrolls of vulnerability
 w - a scroll of enchant weapon
 L - a scroll of enchant armour
 O - a scroll of magic mapping
 T - a scroll of blinking
Potions
 h - 2 potions of attraction
 i - a potion of brilliance
 n - 2 potions of lignification
 u - a potion of flight
 v - 3 potions of curing
 x - a potion of heal wounds
Miscellaneous
 a - a lightning rod (inert)


   Skills:
 + Level 7.2 Fighting
 + Level 9.3(11.1) Short Blades
 + Level 6.4(7.5) Long Blades
 + Level 5.9 Crossbows
 + Level 4.3 Throwing
 + Level 4.8 Armour
 + Level 6.9 Dodging
 + Level 15.4 Stealth
 + Level 0.2 Shields
 + Level 4.6 Evocations


You had 11 spell levels left.
You didn't know any spells.
Your spell library contained the following spells:

 Spells                   Type           Power      Damage    Failure   Level
 Pain                     Necr           0%         1d4       67%         1
 Summon Small Mammal      Summ           0%         N/A       67%         1
 Call Canine Familiar     Summ           0%         N/A       95%         3
 Summon Guardian Golem    Hex/Summ       0%         N/A       95%         3
 Olgreb's Toxic Radiance  Pois           0%         N/A       100%        4
 Agony                    Necr           0%         N/A       100%        5
 Excruciating Wounds      Necr           0%         N/A       100%        5
 Ozocubu's Refrigeration  Ice            0%         4d5       100%        7
 Ignition                 Fire           0%         3d3       100%        8


Dungeon Overview and Level Annotations

Branches:
Dungeon (12/15)            Temple (1/1) D:6            Lair (1/6) D:9
    Orc: D:9-12

Altars:
Ashenzari
Cheibriados
Dithmenos
Elyvilon
Fedhas
Gozag
Hepliaklqana
Kikubaaqudgha
Makhleb
Nemelex Xobeh
Okawaru
Qazlal
Ru
Sif Muna
Trog
Uskayaw
Vehumet
Wu Jian
Xom
Yredelemnul
Zin
The Shining One

Shops:
D:1 *   D:3 !   D:4 *   D:6 (   D:9 ?   D:12 ?

Annotations:
D:7 3 runed translucent doors


Innate Abilities, Weirdness & Mutations

You are small and have problems with some larger weapons.
You are completely attuned to the shadows.
You are robust. (+10% HP)


Message History

You block the eight-headed hydra's attack.
The eight-headed hydra bites you!
You block the eight-headed hydra's attack.
The eight-headed hydra completely misses you. x2
The eight-headed hydra bites you! The eight-headed hydra bites you. x2
* * * LOW HITPOINT WARNING * * *
The yak misses you.
You climb upwards.
Welcome back to the Dungeon!
There is a staircase to the Lair here.
As you read the scroll of fear, it crumbles to dust.
You assume a fearsome visage.
The yak looks frightened!
The eight-headed hydra resists with some effort.
The eight-headed hydra completely misses you.
You riposte.
You hit the eight-headed hydra. You burn the eight-headed hydra.
The eight-headed hydra is lightly wounded.
The eight-headed hydra misses you.
You block the eight-headed hydra's attack.
The eight-headed hydra misses you.
You block the eight-headed hydra's attack.
The eight-headed hydra closely misses you.
The eight-headed hydra bites you but does no damage.
The eight-headed hydra closely misses you.
Aiming: Iceblast
Press: ? - help, Q - select action, (/) - cycle Shift-Dir - straight line
Okay, then.
There is an open door here.
Aiming: Iceblast
Press: ? - help, Q - select action, (/) - cycle Shift-Dir - straight line The mass of ice explodes!
The iceblast engulfs the eight-headed hydra!
The eight-headed hydra is lightly wounded.
The eight-headed hydra closely misses you.
The eight-headed hydra bites you. The eight-headed hydra bites you!
* * * LOW HITPOINT WARNING * * *
The eight-headed hydra bites you!
* * * LOW HITPOINT WARNING * * *
The eight-headed hydra bites you.
* * * LOW HITPOINT WARNING * * *
The eight-headed hydra bites you!
You die...

#.........................
#............######...####
#.......#'####....#...#
#.......#........÷#..>#
#.......#........÷><..#
######..#........##...####
#..#........#........
########..#........#........
#.........#@########......##
#....#......D.............#
#...#.#.......###.........#
#..#...#......# #.........#
#.#..∩..#.....# ###########
#..#...#......#
#...#.#.......#
##...#....##### ##.......#


You could see an eight-headed hydra.

Vanquished Creatures
  A hydra (D:10)
  2 boulder beetles
  A centaur warrior (D:10)
  2 two-headed ogres (D:11)
  Pikel (D:5)
  2 ugly things (D:10)
  A cyclops (D:11)
  6 centaur zombies
  A black mamba (D:9)
  An efreet (D:10)
  2 cane toads (Lair:1)
  A rime drake (shapeshifter) (D:10)
  2 kobold demonologists (D:10)
  2 trolls
  A slime creature (D:12)
  A wyvern (D:7)
  2 wraiths
  6 yaks
  A vampire (D:9)
  2 vampire mosquitoes (D:9)
  An acid dragon (D:8)
  2 water moccasins
  10 orc warriors
  An ice beast (D:7)
  4 black bears
  2 sky beasts
  A hornet zombie (D:8)
  2 ogres
  2 centaurs
  A phantom (D:6)
  2 kobold brigands
  3 bullfrogs
  4 scorpions
  A wyvern zombie (D:8)
  A gnoll sergeant (D:11)
  A water moccasin skeleton (D:5)
  2 howler monkeys (D:7)
  4 electric eels (D:10)
  3 jellies
  10 orc priests
  2 gnoll shamans
  Ijyb (D:3)
  3 iguanas
  14 orc wizards
  A killer bee zombie (D:8)
  2 hound skeletons (D:4)
  A howler monkey zombie (D:9)
  7 adders
  9 gnolls
  A shadow imp (D:8)
  2 white imps (D:7)
  An ufetubus (D:4)
  3 worms
  3 dart slugs
  35 orcs
  12 ball pythons
  3 bats
  7 endoplasms
  A giant cockroach (D:2)
  9 goblins
  5 hobgoblins
  8 kobolds
  6 quokkas
  3 training dummies (D:6)
  4 frilled lizards
  2 rats
240 creatures vanquished.

Vanquished Creatures (others)
  A wight (D:8)
1 creature vanquished.

Grand Total: 241 creatures vanquished

Notes
Turn   | Place    | Note
-------+----------+-------------------------------------------
     0 | D:1      | Urokeeper the Kobold Brigand began the quest for the Orb.
     0 | D:1      | Reached XP level 1. HP: 12/12 MP: 1/1
   196 | D:1      | Reached XP level 2. HP: 17/17 MP: 2/2
   563 | D:1      | Found Nexiazast's Assorted Antiques.
   590 | D:1      | Reached skill level 6 in Stealth
   609 | D:1      | Reached XP level 3. HP: 22/22 MP: 3/3
  1809 | D:1      | Reached skill level 7 in Stealth
  1809 | D:1      | Reached XP level 4. HP: 4/27 MP: 4/4
  2227 | D:2      | Found a faded altar of an unknown god.
  2817 | D:3      | Reached XP level 5. HP: 23/31 MP: 5/5
  3231 | D:3      | Found a basalt altar of Yredelemnul.
  3384 | D:3      | Reached skill level 1 in Armour
  3423 | D:3      | Found Ruet's Distillery.
  3541 | D:3      | Noticed Ijyb
  3562 | D:3      | Killed Ijyb
  3729 | D:4      | Reached XP level 6. HP: 36/36 MP: 6/6
  3799 | D:4      | Noticed an ogre
  3930 | D:4      | Killed an ogre
  3931 | D:4      | Reached skill level 5 in Short Blades
  3931 | D:4      | Reached skill level 8 in Stealth
  4078 | D:4      | Reached XP level 7. HP: 41/41 MP: 7/7
  4337 | D:4      | Found Wuoqocwo's Gadget Gallery.
  4517 | D:4      | Reached skill level 9 in Stealth
  4648 | D:4      | Reached XP level 8. HP: 28/46 MP: 8/8
  4917 | D:5      | Entered Level 5 of the Dungeon
  4935 | D:5      | Identified the +9 hunting sling of Risk Management {flame,
                  | Will+}
  5144 | D:5      | Noticed Pikel
  5166 | D:5      | Killed Pikel
  5167 | D:5      | Reached skill level 10 in Stealth
  5167 | D:5      | Reached skill level 1 in Evocations
  5227 | D:5      | Reached XP level 9. HP: 52/52 MP: 9/9
  5287 | D:5      | You fall into a shaft and drop 2 floors!
  5394 | D:6      | Found a staircase to the Ecumenical Temple.
  5400 | Temple   | Entered the Ecumenical Temple
  5553 | D:6      | Found Zaanaivu's Firing Range.
  5858 | D:6      | Reached skill level 11 in Stealth
  5972 | D:6      | Found a stormy altar of Qazlal.
  6936 | D:5      | Reached skill level 1 in Long Blades
  7053 | D:6      | Bought a +0 triple crossbow for 130 gold pieces
  7401 | D:7      | Reached XP level 10. HP: 58/58 MP: 10/10
  7577 | D:7      | Reached skill level 12 in Stealth
  7819 | D:7      | Found an ornate altar of the Wu Jian Council.
  7825 | D:7      | Became a worshipper of the Wu Jian Council
  8138 | D:7      | Found a runed translucent gate.
  8139 | D:7      | Found a runed translucent gate.
  8140 | D:7      | Found a runed translucent gate.
  8388 | D:8      | Reached skill level 1 in Crossbows
  8481 | D:8      | Reached skill level 5 in Fighting
  8785 | D:8      | Gained mutation: You are robust. (+10% HP) [potion of
                  | mutation]
  8793 | D:8      | Noticed an efreet
  8799 | D:8      | Reached * piety under Wu Jian
  8800 | D:8      | Identified a scroll of acquirement
  8800 | D:8      | Acquired the ring "Mohemag" {rN+ Will+ EV+4 Slay+2}
  9843 | D:9      | Reached skill level 5 in Dodging
 10106 | D:9      | Found a staircase to the Lair.
 10158 | D:9      | Reached skill level 5 in Crossbows
 10698 | D:9      | Found Juriboirgh's Magic Scroll Shop.
 10965 | D:10     | Entered Level 10 of the Dungeon
 11184 | D:9      | Reached XP level 11. HP: 60/70 MP: 11/11
 11551 | D:10     | Reached skill level 13 in Stealth
 11580 | D:10     | Noticed a red ugly thing
 11584 | D:10     | Killed a red ugly thing
 11841 | D:10     | Found a shimmering blue altar of Sif Muna.
 12223 | D:10     | Noticed a centaur warrior
 12224 | D:10     | Noticed a green ugly thing
 12225 | D:10     | Killed a centaur warrior
 12226 | D:10     | Killed a green ugly thing
 12228 | D:10     | Reached skill level 14 in Stealth
 12259 | D:10     | Noticed a boulder beetle
 12263 | D:10     | Killed a boulder beetle
 12264 | D:10     | Reached skill level 5 in Long Blades
 12392 | D:10     | Noticed a four-headed hydra
 12394 | D:10     | Killed a four-headed hydra
 12578 | D:11     | Noticed a boulder beetle
 12604 | D:11     | Killed a boulder beetle
 12605 | D:11     | Reached XP level 12. HP: 26/78 MP: 12/12
 12909 | D:11     | Reached ** piety under Wu Jian
 13529 | D:11     | Noticed a two-headed ogre
 13534 | D:11     | Killed a two-headed ogre
 13562 | D:11     | Noticed a two-headed ogre
 13566 | D:11     | Killed a two-headed ogre
 13567 | D:11     | Reached skill level 15 in Stealth
 13897 | D:12     | Found Jafetwup's Magic Scroll Emporium.
 14075 | Lair:1   | Entered Level 1 of the Lair of Beasts
 14400 | Lair:1   | Noticed an eight-headed hydra
 14780 | D:9      | Mangled by an eight-headed hydra

Illustrated notes

Levels and vault maps discovered:
D:1:      erik_arrival_triangle_small, layout_basic, serial_shops,
          nicolae_shop_behind_doors, hex_intersection, corexii_leaking_fountain,
          minmay_heptomino_l4
D:2:      layout_basic, dreamdust_ecumenical_altar_grove, corexii_corridor_pit,
          kennysheep_decorative_pillar
D:3:      layout_loops_cross, mainiacjoe_overflow_paths, serial_shops,
          nicolae_shop_waterfront, minmay_strange_pillars, uniq_ijyb
D:4:      layout_basic, nicolae_shop_gadgets
D:5:      layout_rooms, minmay_misc_feat_hallway, uniq_pikel
D:6:      layout_gridville, nicolae_qazlal_eye_of_the_storm,
          minmay_temple_entry_enclosed_plants, nicolae_shop_firing_range
D:7:      layout_basic, old_standard_altar, gammafunk_ghost_necromancy,
          hangedman_decor_growths
D:8:      minmay_four_partial_circles, layout_basic, serial_shops, shop,
          chequers_serial_rivers_large_a
D:9:      layout_irregular_city, lair_entry_dummy, serial_shops,
          nicolae_diamond_shop
D:10:     minmay_tri_box, layout_basic, mainiacjoe_overflow_alcove_1,
          nicolae_two_hexagons, minivault_14,
          amcnicky_mini_rare_corridor_liquid, serial_bayou_pond_e
D:11:     layout_loops_corners, grunt_ministairs_15
D:12:     minmay_the_grid_net [minmay_the_grid_embedded,
          minmay_the_grid_stretched_grid, minmay_the_grid_dragon_b,
          minmay_the_grid_minigrid_small, minmay_the_grid_large_cup,
          minmay_the_grid_prize_diamond_cup], layout_small_grid, david_orc_4,
          serial_shops, shop_fountains
Temple:   nicolae_temple_no_exploring_needed
Lair:1:   beast_lair_carwin_large_1, layout_hall_layers

Skill      XL: |  1  2  3  4  5  6  7  8  9 10 11 12 |
---------------+-------------------------------------+-----
Short Blades   | 3 4 5 6 8 9 |  9.3
Stealth        | 6 7 8 9 10 11 12 14 15 | 15.4
Armour         | 1 2 3 4 |  4.8
Dodging        | 2 3 4 5 6 |  6.9
Fighting       | 3 4 5 6 7 |  7.2
Throwing       | 3 4 |  4.3
Evocations     | 2 3 4 |  4.6
Long Blades    | 1 3 5 6 |  6.4
Crossbows      | 5 |  5.9
Shields        | |  0.2

Action                   |  1- 3 |  4- 6 |  7- 9 | 10-12 || total
-------------------------+-------+-------+-------+-------++-------
Melee: Dagger            |    70 |   168 |   140 |   119 ||   497
       Falchion          |       |       |    33 |    60 ||    93
       Rapier            |       |       |    19 |       ||    19
       Scimitar          |       |       |       |    62 ||    62
 Fire: Triple crossbow   |       |       |       |    71 ||    71
Throw: Dart              |       |     2 |    19 |       ||    21
Invok: Lunge             |       |       |       |    23 ||    23
       Whirlwind         |       |       |       |    10 ||    10
Evoke: Wand              |       |     1 |    12 |    12 ||    25
       Lightning rod     |       |       |       |     5 ||     5
  Use: Potion            |     1 |       |     1 |    12 ||    14
       Scroll            |       |       |       |    14 ||    14
 Stab: Sleeping          |    23 |    14 |    25 |    44 ||   106
       Paralysed         |       |     1 |     4 |       ||     5
       Distracted        |       |       |     1 |     1 ||     2
Armor: Robe              |     2 |       |       |       ||     2
       Leather armour    |     5 |    37 |    42 |    26 ||   110
       Skin              |       |       |       |    23 ||    23
       Acid dragon scale |       |       |       |    63 ||    63
Dodge: Dodged            |    24 |    94 |    98 |   311 ||   527
Block: Buckler           |       |       |       |    22 ||    22
       Rpst.: Falchion   |       |       |    13 |    17 ||    30
       Scimitar          |       |       |       |    21 ||    21
